 Dungeon Crawl Stone Soup version 0.30.0-29-ga12c61a403 (webtiles) character file.

Game seed: 2695647782442956506

1821 cdecastro the Scholar (level 8, -1/68 HPs)
             Began as a Black Draconian Conjurer on June 6, 2023.
             Was an Elder of Sif Muna.
             Slain by a kobold brigand
             ... wielding a +0 short sword
              (6 damage)
             ... on level 6 of the Dungeon.
             The game lasted 00:16:14 (7070 turns).

cdecastro the Scholar (Black Draconian Conjurer)    Turns: 7070, Time: 00:16:14

Health: -1/68      AC:  6    Str: 10    XL:     8   Next: 85%
Magic:  13/17      EV: 12    Int: 21    God:    Sif Muna [****..]
Gold:   286        SH:  0    Dex:  9    Spells: 5/19 levels left

rFire   . . .        l - +1 flail (holy)
rCold   . . .        (no shield)
rNeg    . . .        (body armour unavailable)
rPois   .            (helmet restricted)
rElec   +            (no cloak)
rCorr   .            (no gloves)
SInv    .            (no boots)
Will    +....        (no amulet)
Stlth   ++           u - ring of willpower
HPRegen 0.31/turn    (no ring)
MPRegen 0.15/turn

%: no passive effects
@: lethally poisoned (-1 -> -1), short of breath
A: breathe lightning, AC +6, unfitting armour, electricity resistance,
cold-blooded
a: Breathe Lightning, Renounce Religion, Channel Magic, Forget Spell, Divine
Exegesis


You were on level 6 of the Dungeon.
You worshipped Sif Muna.
Sif Muna was greatly pleased with you.
You visited 2 branches of the dungeon, and saw 7 of its levels.
You also visited: Ossuary.

You collected 286 gold pieces.

Inventory:

Hand Weapons
 l - a +1 flail of holy wrath (weapon)
Jewellery
 u - a ring of willpower (left hand)
Wands
 e - a wand of flame (1)
Scrolls
 b - a scroll of vulnerability
 i - a scroll of silence {unknown}
 j - 2 scrolls of poison {unknown}
 k - 2 scrolls of teleportation {unknown}
 n - a scroll of magic mapping {unknown}
 p - a scroll of enchant armour {unknown}
 q - a scroll of brand weapon {unknown}
 s - a scroll of enchant weapon {unknown}
 v - a scroll of blinking {unknown}
Potions
 a - a potion of magic
 c - 4 potions of brilliance
 d - a potion of ambrosia
 f - 2 potions of lignification
 g - a potion of mutation {unknown}
 h - a potion of curing {unknown}
 o - a potion of attraction {unknown}
 r - 2 potions of invisibility
 t - a potion of haste


   Skills:
 - Level 5.0 Fighting
 + Level 3.5 Dodging
 - Level 1.7 Stealth
 - Level 6.0 Spellcasting
 - Level 5.0 Conjurations
 - Level 3.0 Air Magic
 - Level 7.0 Invocations


You had 5 spell levels left.
You knew the following spells:

 Your Spells              Type           Power      Damage    Failure   Level
a - Magic Dart            Conj           100%       1d8       1%          1
b - Searing Ray           Conj           54%        2d6       1%          2
c - Mephitic Cloud        Conj/Pois/Air  17%        N/A       10%         3
d - Fulminant Prism       Conj/Hex       8%         3d7       34%         4
e - Iskenderun's Mystic   Conj/Tloc      16%        2d5       34%         4

Your spell library contained the following spells:

 Spells                   Type           Power      Damage    Failure   Level
 Dazzling Flash           Conj/Hex       32%        N/A       11%         3
 Call Imp                 Summ           12%        N/A       14%         2


Dungeon Overview and Level Annotations

Branches:
Dungeon (6/15)             Temple (1/1) D:6         Ossuary (visited)

Altars:
Ashenzari
Cheibriados
Dithmenos
Fedhas
Gozag
Hepliaklqana
Kikubaaqudgha
Makhleb
Nemelex Xobeh
Qazlal
Ru
Sif Muna
Trog
Vehumet
Wu Jian
Xom
Yredelemnul
Zin
The Shining One


Innate Abilities, Weirdness & Mutations

You can breathe wild blasts of lightning.
Your glossy black scales are hard. (AC +6)
You cannot fit into any form of body armour.
You are resistant to electric shocks. (rElec)
You are cold-blooded and may be slowed by cold attacks.


Message History

* * * LOW HITPOINT WARNING * * *
You feel very sick.
You bump into the rock wall.
You feel sick.
The kobold brigand hits you with a +0 short sword.
* * * LOW HITPOINT WARNING * * *
You bump into the rock wall.
You feel sick.
You bump into the rock wall.
You feel less invigorated.
You feel less confused.
You feel sick. The kobold brigand closely misses you.
You sock the kobold brigand!
The kobold brigand is moderately wounded.
You feel sick. The kobold hits you with a +0 dagger.
* * * LOW HITPOINT WARNING * * *
The kobold brigand hits you with a +0 short sword.
* * * LOW HITPOINT WARNING * * *
The kobold misses you. The kobold brigand barely misses you.
Unknown command.
Unknown command.
Unknown command.
Casting: Searing Ray (safe; 1% risk of failure)
Confirm with . or Enter, or press ? or * to list all spells.
Aiming: Searing Ray (safe; 1% risk of failure)
Press: ? - help, Shift-Dir - straight line, f - kobold brigand
Aim: a kobold brigand, wielding a +0 short sword and quivering poisoned darts (moderately wounded, 74% to hit)
The searing ray hits the kobold brigand.
The kobold brigand is heavily wounded. (Press . to maintain the ray.)
You feel sick. The kobold hits you but does no damage.
The kobold brigand misses you.
The searing ray hits the kobold brigand!
The kobold brigand is severely wounded.
You feel sick. The kobold hits you with a +0 dagger.
* * * LOW HITPOINT WARNING * * *
The kobold brigand barely misses you.
Unknown command.
The searing ray hits the kobold brigand.
The kobold brigand is almost dead.
You feel sick. The kobold barely misses you.
The kobold brigand hits you with a +0 short sword.
You die...

..
####>.....#####..
.=..........#
##...##.### ###
........).$.#
##<.#......#####
............#
#..#####........
........:...#
#.## ##.######
.K...Y......# #.#
#....###
.KKKsS...# #.#
####.... #..K?.#
###.# #####
#.#####@.>#
#.)..KKK###
#########


You could see a kobold brigand and 2 kobolds.

Vanquished Creatures
  Eustachio (D:6)
  Edmund (D:5)
  A water moccasin (D:6)
  An ice beast (D:6)
  2 black bears
  An ogre (D:4)
  A sky beast (D:6)
  2 centaurs
  A bullfrog (D:6)
  2 scorpions
  A howler monkey (D:2)
  3 jellies
  A gnoll bouda (D:6)
  2 sleepcaps (D:5)
  2 iguanas
  2 orc wizards (D:4)
  Ijyb (D:3)
  3 mummies (D:5)
  11 gnolls
  8 adders
  2 shadow imps (D:5)
  3 white imps
  2 worms
  11 orcs
  A bat (D:2)
  5 endoplasms
  5 giant cockroaches
  A gnoll zombie (Ossuary)
  6 hobgoblins
  3 jackals (D:2)
  2 kobolds
  3 quokkas
  6 ball pythons
  A frilled lizard (D:2)
  2 goblins
  A hobgoblin zombie (Ossuary)
  3 kobold zombies (Ossuary)
  9 rats
113 creatures vanquished.

Notes
Turn   | Place    | Note
-------+----------+-------------------------------------------
     0 | D:1      | cdecastro the Draconian Conjurer began the quest for the
                  | Orb.
     0 | D:1      | Reached XP level 1. HP: 14/14 MP: 3/3
   734 | D:1      | Reached XP level 2. HP: 20/20 MP: 2/5
  1006 | D:1      | Found a faded altar of an unknown god.
  1014 | D:1      | Prayed at the altar of an unknown god.
  1014 | D:1      | Became a worshipper of Sif Muna the Loreminder
  1014 | D:1      | Reached * piety under Sif Muna
  1768 | D:2      | Learned a level 2 spell: Searing Ray
  1814 | D:3      | Reached XP level 3. HP: 26/26 MP: 2/8
  2018 | D:2      | Reached XP level 4. HP: 33/33 MP: 5/10
  2021 | D:2      | Reached ** piety under Sif Muna
  2059 | D:3      | Noticed Ijyb
  2070 | D:3      | Killed Ijyb
  2615 | D:4      | Reached skill level 5 in Spellcasting
  2615 | D:4      | Reached XP level 5. HP: 38/38 MP: 5/12
  2620 | D:4      | Noticed a black bear
  2750 | D:4      | Reached skill level 1 in Invocations
  2754 | D:4      | Reached skill level 2 in Invocations
  2842 | D:4      | Noticed an ogre
  2856 | D:4      | Killed an ogre
  2857 | D:4      | Reached skill level 3 in Invocations
  2857 | D:4      | Reached XP level 6. HP: 34/45 MP: 5/13
  2972 | D:4      | Reached skill level 4 in Invocations
  3430 | D:4      | Reached skill level 5 in Invocations
  3822 | D:5      | Entered Level 5 of the Dungeon
  4120 | D:5      | Your scales start taking on a glossy black colour.
  4120 | D:5      | Reached XP level 7. HP: 50/50 MP: 10/15
  4120 | D:5      | Gained mutation: You are resistant to electric shocks.
                  | (rElec) [Black Draconian growth]
  4226 | D:5      | Learned a level 3 spell: Mephitic Cloud
  4231 | D:5      | Learned a level 4 spell: Fulminant Prism
  4236 | D:5      | Learned a level 4 spell: Iskenderun's Mystic Blast
  4445 | D:5      | Found a sand-covered staircase.
  4453 | Ossuary  | Entered an ossuary
  4470 | Ossuary  | Reached *** piety under Sif Muna
  4514 | D:5      | Reached skill level 1 in Fighting
  5785 | D:6      | Noticed Eustachio
  5792 | D:6      | Noticed Edmund
  5807 | D:5      | Killed Edmund
  5808 | D:5      | Reached skill level 5 in Fighting
  5808 | D:5      | Reached XP level 8. HP: 62/68 MP: 3/17
  6152 | D:6      | Reached skill level 5 in Conjurations
  6380 | D:6      | Killed Eustachio
  6381 | D:6      | Reached skill level 6 in Invocations
  6498 | D:6      | Found a staircase to the Ecumenical Temple.
  6554 | Temple   | Entered the Ecumenical Temple
  6844 | D:6      | Reached skill level 7 in Invocations
  7060 | D:6      | Reached **** piety under Sif Muna
  7070 | D:6      | Slain by a kobold brigand

Illustrated notes

Levels and vault maps discovered:
D:1:      minmay_arrival_five_plusses, layout_loops_corners,
          shapermc_ecumenical_altar_hornbeckon, minmay_misc_feat_five
D:2:      layout_basic
D:3:      layout_rooms, uniq_ijyb
D:4:      layout_loops_ring
D:5:      layout_loops_ring, portal_sewer_entry_f,
          nicolae_ossuary_entry_false_entrances, hangedman_decor_points
D:6:      layout_rooms, minmay_temple_entry_junction_2, uniq_eustachio,
          uniq_sigmund, uniq_edmund
Temple:   nicolae_temple_bog_church

Skill      XL: |  1  2  3  4  5  6  7  8 |
---------------+-------------------------+-----
Spellcasting   | 3 4 5 6 |  6.0
Invocations    | 3 5 7 |  7.0
Fighting       | 5 |  5.0
Conjurations   | 5 |  5.0
Air Magic      | 3 |  3.0
Dodging        | 3 |  3.5
Stealth        | |  1.7

Action                     |  1- 3 |  4- 6 |  7- 9 || total
---------------------------+-------+-------+-------++-------
  Melee: Unarmed           |    31 |       |       ||    31
         Tailslap          |     4 |     6 |     8 ||    18
         Flail             |     4 |    56 |    46 ||   106
         Punch             |       |     1 |       ||     1
   Cast: Magic Dart        |    44 |     6 |     1 ||    51
         Searing Ray       |     3 |    17 |    42 ||    62
Ability: Breathe Lightning |       |       |     4 ||     4
    Use: Scroll            |       |     3 |     5 ||     8
         Potion            |       |       |     2 ||     2
   Stab: Sleeping          |       |     1 |       ||     1
 Armour: Skin              |    28 |    39 |    51 ||   118
  Dodge: Dodged            |    41 |    60 |   106 ||   207
